AoeStats
← bojanicviktor4

MegaRandom

504081470Analyzed
1v1 RM · 29d ago on Sep 3, 2026· 21m 30s· 2 players
Game mode
Random Map
Map size
Tiny (2 player)
Population
200
Speed
Normal
Resources
Standard
Victory
Conquest
Starting age
Dark Age
Ending age
Imperial Age
RankedLock teamsTeams togetherTeam positionsShared explorationLock speedFull tech treeHidden civsTurbo modeCheats
Victory
Defeat
🇨🇱 Franks · Chile
1030
+15
🇷🇸 Slavs · Serbia
1000
-45
bojanicviktor4
10:49 Feudal Age
9:06 Loom
12:09 Wheelbarrow
11:44 Man-at-Arms
12:33 Horse Collar
13:09 Double-Bit Axe
colbun
4:03 Loom
10:06 Feudal Age
21:22 Castle Age
20:04 Scale Barding Armor
20:10 Forging
20:09 Gold Mining
21:40 Double-Bit Axe
Connection lost

Rejoining the realm…

Still unreachable

The connection could not be restored.

Session expired

The server has moved on; the page needs a fresh start.